 Dungeon Sprint DCSS version 0.30-a0-1085-g990a428a5c (webtiles) character file.

Game seed: 6830587477351282290

324 rocky1 the Thaumaturge (level 6, -1/33 HPs)
             Began as a Deep Elf Earth Elementalist on Apr 17, 2023.
             Was a High Priest of Sif Muna.
             Slain by Pikel
             ... wielding a +2 whip of flaming
              (3 damage)
             ... in the Dungeon (Sprint VII: "The Pits").
             The game lasted 00:02:17 (671 turns).

rocky1 the Thaumaturge (Deep Elf Earth Elementalist) Turns: 671, Time: 00:02:18

Health: -1/33      AC:  2    Str:  5    XL:     6   Next: 23%
Magic:  17/21      EV: 14    Int: 22    God:    Sif Muna [*****.]
Gold:   0          SH:  0    Dex: 15    Spells: 21/25 levels left

rFire   . . .      SeeInvis .    k - +0 quarterstaff (protect)
rCold   . . .      Faith    .    (shield currently unavailable)
rNeg    . . .      Spirit   .    a - +0 robe
rPois   .          Reflect  .    (no helmet)
rElec   .          Rampage  .    (no cloak)
rCorr   .          NoTele   +    (no gloves)
Will    .....                    (no boots)
Stlth   +++                      (no amulet)
HPRegen 0.25/turn                (no ring)
MPRegen 0.17/turn                (no ring)

@: no status effects
A: no striking features
a: Renounce Religion, Channel Magic, Forget Spell, Divine Exegesis


You were in the Dungeon.
You worshipped Sif Muna.
Sif Muna was extremely pleased with you.
You visited 1 branch

Inventory:

Hand Weapons
 k - a +0 quarterstaff of protection (weapon)
Armour
 a - a +0 robe (worn)
Scrolls
 g - a scroll of blinking
 i - 5 scrolls of amnesia
 j - a scroll of butterflies
Potions
 b - 5 potions of magic
 c - 5 potions of curing
 d - 5 potions of heal wounds
 e - a potion of haste
 f - 3 potions of berserk rage
 h - a potion of invisibility


   Skills:
 + Level 0.6 Fighting
 + Level 4.4 Dodging
 + Level 4.2 Stealth
 + Level 10.1 Spellcasting
 + Level 1.1 Transmutations
 + Level 9.9 Earth Magic
 * Level 5.8 Invocations


You had 21 spell levels left.
You knew the following spells:

 Your Spells              Type           Power      Damage    Failure   Level
a - Sandblast             Erth           100%       2d20      1%          1
b - Stone Arrow           Conj/Erth      64%        3d11      2%          3

Your spell library contained the following spells:

 Spells                   Type           Power      Damage    Failure   Level
 Passwall                 Tmut/Erth      29%        N/A       1%          2
 Freeze                   Ice            44%        1d6       6%          1
 Petrify                  Tmut/Erth      35%        N/A       6%          4
 Frozen Ramparts          Ice            22%        1d4       19%         3
 Hailstorm                Conj/Ice       11%        3d5       19%         3


Dungeon Overview and Level Annotations

Branches:
Dungeon (1/1)

Altars:
Ashenzari
Cheibriados
Dithmenos
Elyvilon
Fedhas
Gozag
Hepliaklqana
Kikubaaqudgha
Makhleb
Nemelex Xobeh
Okawaru
Qazlal
Ru
Sif Muna
Trog
Uskayaw
Vehumet
Wu Jian
Xom
Yredelemnul
Zin
The Shining One
Jiyva
Lugonu

Annotations:
D Pikel


Message History

That would be overly suicidal.
Okay, then.
Aiming: Sandblast (safe; 1% risk of failure)
Press: ? - help, Q - select action, (/) - cycle Shift-Dir - straight line, f - Pikel
Aim: Pikel, wielding a +2 whip of flaming and wearing a +0 robe (wandering, hasn't noticed you, 82% to hit)
The blast of sand hits Pikel but does no damage.
Pikel shouts!
The lemure shouts!
You hear a shout!
A lemure comes into view.
Aiming: Sandblast (safe; 1% risk of failure)
Press: ? - help, Q - select action, (/) - cycle Shift-Dir - straight line, f/p - Pikel
Aim: Pikel, wielding a +2 whip of flaming and wearing a +0 robe (82% to hit)
The blast of sand hits Pikel but does no damage.
The lemure shouts!
Unknown command.
Aiming: Sandblast (safe; 1% risk of failure)
Press: ? - help, Q - select action, (/) - cycle Shift-Dir - straight line, f/p - Pikel
Aim: Pikel, wielding a +2 whip of flaming and wearing a +0 robe (82% to hit)
The blast of sand misses Pikel.
The blast of sand hits the lemure!
The lemure is moderately wounded.
Pikel barely misses you.
Pikel hits you with a +2 whip of flaming!
Pikel burns you.
Aiming: Sandblast (safe; 1% risk of failure)
Press: ? - help, Q - select action, (/) - cycle Shift-Dir - straight line, f/p - Pikel
Aim: Pikel, wielding a +2 whip of flaming and wearing a +0 robe (82% to hit)
The blast of sand hits Pikel!
Pikel is lightly wounded.
Pikel hits you with a +2 whip of flaming!
Pikel burns you.
Aiming: Sandblast (safe; 1% risk of failure)
Press: ? - help, Q - select action, (/) - cycle Shift-Dir - straight line, f/p - Pikel
Aim: Pikel, wielding a +2 whip of flaming and wearing a +0 robe (lightly wounded, 82% to hit)
The blast of sand hits Pikel.
Pikel is moderately wounded.
Pikel hits you with a +2 whip of flaming!
* * * LOW HITPOINT WARNING * * *
Pikel burns you.
You die...

_________.#
_________.#
_______...#######
##########'##.....
#.?(.')))'.##.....
##########.##.....
#...........'.....
#)#####'#####.....
#@#.)#..#..##.....
#K#..').'..#####'#
#5##†####+###.....
#5#.)......##.....
#5#........##.....
#.#####'#####...<.
#.#...)))[.##.....
#)#...)).[.##.....
#)###########.....


You could see Pikel and 3 lemures.

Vanquished Creatures
  A wolf (D)
  A lemure (D)
  A scorpion (D)
  An orc priest (D)
  A gnoll bouda (D)
  A hound (D)
  An iguana (D)
  5 gnolls (D)
  An ufetubus (D)
  3 orcs (D)
  A hobgoblin (D)
  2 jackals (D)
  2 kobolds (D)
  A quokka (D)
  A ball python (D)
  A rat (D)
24 creatures vanquished.

Notes
Turn   | Place    | Note
-------+----------+-------------------------------------------
     0 | D        | rocky1 the Deep Elf Earth Elementalist began the quest for
                  | the Orb.
     0 | D        | Reached XP level 1. HP: 10/10 MP: 6/6
    56 | D        | Found a bloodstained altar of Trog.
    56 | D        | Found a shimmering blue altar of Sif Muna.
    56 | D        | Found a viscous altar of Jiyva.
    56 | D        | Found a hazy altar of Hepliaklqana.
    56 | D        | Found an opulent altar of Gozag.
    79 | D        | Found a glowing golden altar of the Shining One.
    79 | D        | Found a glowing silver altar of Zin.
    79 | D        | Found a basalt altar of Yredelemnul.
    79 | D        | Found a shimmering altar of Xom.
    79 | D        | Found an ornate altar of the Wu Jian Council.
    79 | D        | Found a sacrificial altar of Ru.
    79 | D        | Found a stormy altar of Qazlal.
    79 | D        | Found an iron altar of Okawaru.
    79 | D        | Found a sparkling altar of Nemelex Xobeh.
    79 | D        | Found a burning altar of Makhleb.
    79 | D        | Found a blossoming altar of Fedhas.
    79 | D        | Found a white marble altar of Elyvilon.
    79 | D        | Found a shadowy altar of Dithmenos.
    79 | D        | Found a snail-covered altar of Cheibriados.
    82 | D        | Found a corrupted altar of Lugonu.
    82 | D        | Found a radiant altar of Vehumet.
    83 | D        | Found an ancient bone altar of Kikubaaqudgha.
    83 | D        | Found a hide-covered altar of Uskayaw.
    83 | D        | Found a broken altar of Ashenzari.
    84 | D        | Became a worshipper of Sif Muna the Loreminder
   101 | D        | Noticed a scorpion
   104 | D        | Reached skill level 4 in Spellcasting
   104 | D        | Reached XP level 2. HP: 11/15 MP: 5/9
   110 | D        | Killed a scorpion
   110 | D        | Reached * piety under Sif Muna
   111 | D        | Reached skill level 5 in Spellcasting
   111 | D        | Reached XP level 3. HP: 10/19 MP: 1/12
   111 | D        | Reached XP level 4. HP: 13/24 MP: 1/13
   307 | D        | Reached skill level 6 in Spellcasting
   332 | D        | Reached ** piety under Sif Muna
   429 | D        | Learned a level 3 spell: Stone Arrow
   430 | D        | Noticed a lemure
   432 | D        | Noticed a wolf
   438 | D        | Killed a wolf
   438 | D        | Reached *** piety under Sif Muna
   439 | D        | Reached skill level 8 in Spellcasting
   439 | D        | Reached XP level 5. HP: 20/28 MP: 13/18
   440 | D        | Reached skill level 9 in Spellcasting
   440 | D        | Reached skill level 5 in Invocations
   442 | D        | Killed a lemure
   445 | D        | Reached **** piety under Sif Muna
   448 | D        | Reached XP level 6. HP: 8/33 MP: 6/20
   451 | D        | Reached skill level 10 in Spellcasting
   455 | D        | Reached ***** piety under Sif Muna
   506 | D        | Received a gift from Sif Muna
   664 | D        | Noticed Pikel
   671 | D        | Slain by Pikel

Illustrated notes

Levels and vault maps discovered:
D:        pitsprint [storerooms_1, entrance_room_1, metal_vault_1, armoury_2,
          mini_pit_1, grid_room_1, main_hall_1, silver_pit, the_coven_1,
          the_vestibule_1, steel_vault_1, golden_pit, hallway_of_sentries,
          crystal_vault_6, iron_vault_4, final_vault]

Skill      XL: |  1  2  3  4  5  6 |
---------------+-------------------+-----
Stealth        | 3 4 |  4.2
Spellcasting   | 4 5 8 9 10 | 10.1
Earth Magic    | 4 6 8 9 |  9.9
Dodging        | 3 4 |  4.4
Invocations    | 3 4 5 |  5.8
Fighting       | |  0.6
Transmutations | |  1.1

Action                     |  1- 3 |  4- 6 || total
---------------------------+-------+-------++-------
  Melee: Quarterstaff      |       |     1 ||     1
   Cast: Sandblast         |    11 |    32 ||    43
    Use: Potion            |     2 |     1 ||     3
 Armour: Robe              |       |     1 ||     1
  Dodge: Dodged            |     7 |    16 ||    23

Table legend: (Time is in decaauts)
 A = Elapsed time spent in this place.
 B = Non-inter-level travel time spent in this place.
 C = Inter-level travel time spent in this place.
 D = Time resting spent in this place.
 E = Time spent auto-exploring this place.
 F = Levels seen in this place.
 G = Mean time per level.
                   A        B        C        D        E       F      G
               +--------+--------+--------+--------+--------+-----+--------+
         Total |    691 |    677 |     14 |    449 |      0 |   1 |  691.0 |
       Dungeon |    691 |    677 |     14 |    449 |      0 |   1 |  691.0 |
               +--------+--------+--------+--------+--------+-----+--------+

Top non-repeatable levels by time:
       D: 691 daAuts
